 Dungeon Crawl Stone Soup version 0.19.0-16-g73b5abf (webtiles) character file.

5329 Haldmier the Cleaver (level 10, 0/86 HPs)
             Began as a Hill Orc Fighter on Nov 10, 2016.
             Was an Elder of Makhleb.
             Slain by a red ugly thing (19 damage)
             ... on level 10 of the Dungeon.
             The game lasted 00:41:07 (10286 turns).

Haldmier the Cleaver (Hill Orc Fighter)            Turns: 10286, Time: 00:41:08

Health: 0/86       AC: 15    Str: 20    XL:     10   Next: 64%
Magic:  15/15      EV:  7    Int:  8    God:    Makhleb [****..]
Gold:   699        SH:  9    Dex: 13    Spells: 0 memorised, 9 levels left

rFire  . . .     SeeInvis .     R - +1 hand axe (freeze)
rCold  + + .     Gourm    .     W - +0 chain mail {rC+}
rNeg   . . .     Faith    .     c - +0 shield
rPois  .         Spirit   .     k - +0 helmet
rElec  .         Reflect  .     C - +0 cloak
rCorr  .         Harm     .     I - +1 pair of gloves
MR     .....                    (no boots)
Stlth  ..........               y - amulet of regeneration
                                (no ring)
                                b - ring of protection from cold

@: studying Invocations
A: no striking features
a: Minor Destruction, Lesser Servant of Makhleb, Major Destruction, Renounce
Religion


You were on level 10 of the Dungeon.
You worshipped Makhleb.
Makhleb was greatly pleased with you.
You were not hungry.

You visited 2 branches of the dungeon, and saw 11 of its levels.
You also visited: Ossuary.

You collected 699 gold pieces.

Inventory:

Hand Weapons
 a - a +0 war axe
 D - a +1 mace of crushing
 F - a +0 battleaxe
 R - a +1 hand axe of freezing (weapon)
Missiles
 G - 2 throwing nets
 M - 21 tomahawks (quivered)
Armour
 c - a +0 shield (worn)
 k - a +0 helmet (worn)
 v - a +0 troll leather armour
 C - a +0 cloak (worn)
 I - a +1 pair of gloves (worn)
 W - a +0 chain mail of cold resistance (worn)
Jewellery
 b - a ring of protection from cold (left hand)
 y - an amulet of regeneration (around neck)
 J - an uncursed amulet of rage
Wands
 A - a wand of polymorph (13/24)
 L - a wand of lightning (7/15)
 O - a wand of lightning (8/15)
 Q - a wand of lightning (7/15)
 Z - a wand of iceblast (15/15)
Scrolls
 g - 3 scrolls of magic mapping
 h - a scroll of fog
 i - 4 scrolls of remove curse
 n - 2 scrolls of blinking
 o - 2 scrolls of enchant weapon
 q - 3 scrolls of teleportation
 P - 2 scrolls of holy word
Potions
 d - 2 potions of might
 e - 4 potions of curing
 r - 2 potions of mutation {unknown}
 s - 6 potions of haste
 t - 2 potions of cancellation {unknown}
 u - 2 potions of magic
 z - a potion of heal wounds
 B - 2 potions of invisibility {unknown}
 E - 3 potions of lignification
 H - 2 potions of degeneration {unknown}
 K - a potion of brilliance {unknown}
 S - 2 potions of agility {unknown}
 T - a potion of flight {unknown}
Books
 Y - a manual of Invocations
Miscellaneous
 U - a phial of floods
Comestibles
 f - 6 bread rations
 l - 12 royal jellies
 m - 3 meat rations
 p - 3 fruits
 V - 13 chunks of flesh


   Skills:
 + Level 7.1 Fighting
 - Level 14.2 Axes
 + Level 6.2 Armour
 + Level 3.9 Dodging
 - Level 3.2 Shields
 + Level 7.1 Invocations
 + Level 3.4 Evocations


You had 9 spell levels left.
You didn't know any spells.

Dungeon Overview and Level Annotations

Branches:
Dungeon (10/15)            Temple (1/1) D:6
   Lair: D:8-11         Orc: D:9-12

Altars:
Ashenzari
Cheibriados
Dithmenos
Elyvilon
Fedhas
Gozag
Hepliaklqana
Kikubaaqudgha
Makhleb
Nemelex Xobeh
Okawaru
Qazlal
Ru
Sif Muna
Trog
Uskayaw
Vehumet
Xom
Yredelemnul
Zin
The Shining One

Shops:
D:5 (


Message History

The red ugly thing is severely wounded.
The red ugly thing gores you.
You are engulfed in flames!!
You closely miss the red ugly thing.
The red ugly thing is severely wounded.
You closely miss the red ugly thing.
The red ugly thing is severely wounded.
The red ugly thing gores you!
You are engulfed in flames!
Your shield and chain mail prevent you from hitting the red ugly thing.
The red ugly thing is severely wounded.
You hit the red ugly thing. You freeze the red ugly thing.
The red ugly thing is severely wounded.
The red ugly thing gores you but does no damage.
You hit the red ugly thing. You freeze the red ugly thing.
The red ugly thing is severely wounded.
The red ugly thing gores you!
You are engulfed in flames!
* * * LOW HITPOINT WARNING * * *
The red ugly thing gores you.
* * * LOW HITPOINT WARNING * * *
You are engulfed in flames!!
You die...

# ###########################
.. ..........................
...##.....................#..
..........................#..
...............#..........#..
...........u@...[............
...#####+######........######
#........# #........#
#........# #........#
#........######
#..............
#.######.......


You could see a red ugly thing.

Vanquished Creatures
  A hill giant (D:10)
  3 trolls
  A hippogriff (D:8)
  Duvessa (D:4)
  2 orc warriors (D:10)
  3 sky beasts
  A hornet zombie (D:9)
  2 black bears
  5 ogres
  3 centaurs
  4 bullfrogs
  Dowan (D:4)
  A water moccasin skeleton (D:9)
  11 killer bees
  4 crimson imps
  A bullfrog zombie (D:8)
  3 howler monkeys
  2 centaur zombies (Ossuary)
  Crazy Yiuf (D:3)
  A hound (D:5)
  4 jellies
  5 orc priests
  An iguana (D:6)
  Ijyb (D:3)
  4 orc wizards
  8 worker ants
  5 big kobold zombies (Ossuary)
  A hound zombie (D:6)
  6 mummies
  2 worker ant zombies
  6 gnolls
  2 howler monkey skeletons
  2 adders
  10 oozes
  3 adder zombies
  An adder skeleton (D:8)
  4 worms
  5 leopard geckos
  40 orcs
  7 giant cockroaches
  6 hobgoblins
  14 jackals
  3 quokkas
  A ball python (D:1)
  7 bats
  4 frilled lizards
  5 goblins
  2 hobgoblin zombies (Ossuary)
  A jackal skeleton (D:4)
  7 kobolds
  A quokka zombie (D:6)
  11 rats
  2 fungi (D:3)
232 creatures vanquished.

Vanquished Creatures (collateral kills)
  A hill giant (D:10)
  A scorpion (D:10)
  An orc (D:10)
3 creatures vanquished.

Grand Total: 235 creatures vanquished

Notes
Turn   | Place    | Note
-------+----------+-------------------------------------------
     0 | D:1      | Haldmier the Hill Orc Fighter began the quest for the Orb.
     0 | D:1      | Reached XP level 1. HP: 19/19 MP: 1/1
     1 | D:1      | Found a runed door.
   122 | D:1      | Reached skill level 3 in Axes
   248 | D:1      | Reached XP level 2. HP: 26/26 MP: 2/2
   545 | D:1      | Reached skill level 4 in Axes
   844 | D:1      | Reached XP level 3. HP: 26/31 MP: 3/3
  1069 | D:1      | Reached skill level 5 in Axes
  1084 | D:1      | Reached XP level 4. HP: 11/39 MP: 4/4
  1300 | D:1      | Reached skill level 6 in Axes
  2181 | D:2      | Reached XP level 5. HP: 45/45 MP: 5/5
  2420 | D:3      | Reached skill level 7 in Axes
  2489 | D:3      | Noticed an ogre
  2500 | D:3      | Killed an ogre
  2500 | D:3      | Reached skill level 8 in Axes
  2500 | D:3      | Reached XP level 6. HP: 7/51 MP: 6/6
  2833 | D:3      | Noticed Ijyb
  2844 | D:3      | Killed Ijyb
  3175 | D:3      | Found a runed door.
  3276 | D:3      | Noticed Crazy Yiuf
  3281 | D:3      | Killed Crazy Yiuf
  3513 | D:4      | Found a shattered altar of Ashenzari.
  3538 | D:4      | Reached skill level 9 in Axes
  3712 | D:4      | Noticed Duvessa
  3712 | D:4      | Noticed Dowan
  3756 | D:4      | Killed Duvessa
  3756 | D:4      | Reached XP level 7. HP: 25/57 MP: 7/7
  3782 | D:4      | Killed Dowan
  3782 | D:4      | Reached skill level 10 in Axes
  4057 | D:4      | Got an encrusted falchion
  4251 | D:5      | Entered Level 5 of the Dungeon
  4251 | D:5      | Found a glowing golden altar of the Shining One.
  4253 | D:5      | Found a burning altar of Makhleb.
  4257 | D:5      | Found a blossoming altar of Fedhas.
  4258 | D:5      | Found a sacrificial altar of Ru.
  4258 | D:5      | Found a radiant altar of Vehumet.
  4284 | D:5      | Became a worshipper of Makhleb the Destroyer
  4292 | D:5      | Found Damarr's Antique Weapon Emporium.
  4598 | D:5      | Reached skill level 11 in Axes
  4619 | D:5      | Reached XP level 8. HP: 35/64 MP: 8/8
  5423 | D:6      | Reached skill level 12 in Axes
  5536 | D:6      | Found a staircase to the Ecumenical Temple.
  5545 | Temple   | Entered the Ecumenical Temple
  6254 | D:7      | Found a bloodstained altar of Trog.
  6326 | D:7      | Reached * piety under Makhleb
  6337 | D:7      | Reached skill level 13 in Axes
  6517 | D:7      | Found a sand-covered staircase.
  6536 | Ossuary  | Entered an ossuary
  6883 | D:7      | Reached skill level 14 in Axes
  6883 | D:7      | Reached XP level 9. HP: 67/70 MP: 9/9
  6947 | D:7      | Got a twisted scale mail
  6958 | D:7      | Identified the +1 scale mail "Istowiss" {*Slow rElec rC+++ Regen+} (You found it on level 7 of the Dungeon)
  6973 | D:7      | Identified the +2 falchion of the Silent Majority {venom, *Noise rF+ Str+5} (You found it on level 4 of the Dungeon)
  7227 | D:7      | Reached skill level 1 in Invocations
  7507 | D:7      | Reached ** piety under Makhleb
  7795 | D:8      | Reached skill level 1 in Dodging
  7861 | D:8      | Reached skill level 5 in Fighting
  8052 | D:8      | Found a sparkling altar of Nemelex Xobeh.
  8068 | D:8      | Noticed a troll
  8076 | D:8      | Killed a troll
  8210 | D:8      | Noticed a manticore
  8398 | D:8      | Reached skill level 5 in Armour
  8400 | D:8      | Reached *** piety under Makhleb
  8650 | D:9      | Reached skill level 1 in Evocations
  8673 | D:9      | Reached XP level 10. HP: 60/83 MP: 13/13
  8692 | D:9      | Reached skill level 5 in Invocations
  9531 | D:10     | Entered Level 10 of the Dungeon
  9580 | D:10     | Noticed a hill giant
  9593 | D:10     | Killed a hill giant
  9722 | D:10     | Noticed a hill giant
  9728 | D:10     | Killed a hill giant
 10209 | D:10     | Reached **** piety under Makhleb
 10268 | D:10     | Noticed a red ugly thing
 10286 | D:10     | Slain by a red ugly thing

Skill      XL: |  1  2  3  4  5  6  7  8  9 10 |
---------------+-------------------------------+-----
Axes           | 3 4 5 6 8 9 11 14 | 14.2
Invocations    | 4 7 |  7.1
Fighting       | 5 7 |  7.1
Dodging        | 2 3 |  3.9
Armour         | 5 6 |  6.2
Evocations     | 1 3 |  3.4
Shields        | |  3.2

Action                   |  1- 3 |  4- 6 |  7- 9 | 10-12 || total
-------------------------+-------+-------+-------+-------++-------
Melee: War axe           |    88 |   186 |   142 |       ||   416
       Hand axe          |       |       |   427 |   197 ||   624
Throw: Stone             |       |     3 |       |       ||     3
Invok: Minor Destruction |       |       |     3 |     6 ||     9
       Lesser Servant of |       |       |       |     1 ||     1
  Use: Scroll            |       |     6 |    13 |     1 ||    20
       Potion            |       |       |     1 |       ||     1
 Stab: Distracted        |       |       |       |     1 ||     1
  Eat: Chunk             |       |     8 |    15 |     5 ||    28
       Fruit             |       |     1 |       |     2 ||     3
Armor: Scale mail        |    34 |    43 |       |       ||    77
       Plate armour      |       |    35 |   224 |    33 ||   292
       Chain mail        |       |       |       |    24 ||    24
Dodge: Dodged            |    29 |    39 |    46 |    31 ||   145
Block: Shield            |    51 |    71 |   165 |    75 ||   362
